 Dungeon Crawl Stone Soup version 0.30-a0-613-gdd512c7efb (webtiles) character file.

Game seed: 17617639969105072573

2205 oldriver the Spear-Bearer (level 9, -1/54 (71) HPs)
             Began as a Formicid Wanderer on Jan 8, 2023.
             Was an Initiate of Okawaru.
             Slain by a wight
             ... wielding a +3 battleaxe
              (11 damage)
             ... on level 6 of the Dungeon.
             The game lasted 00:13:18 (7456 turns).

oldriver the Spear-Bearer (Formicid Wanderer)       Turns: 7456, Time: 00:13:18

HP:   -1/54 (71)    AC: 11    Str: 21    XL:     9   Next: 60%
MP:   10/10         EV:  9    Int: 17    God:    Okawaru [......]
Gold: 277           SH:  7    Dex: 13    Spells: 9/10 levels left

rFire   . . .      SeeInvis +    l - +1 trident (venom)
rCold   . . .      Faith    .    e - +2 buckler
rNeg    . . .      Spirit   .    s - +1 scale mail of the Snail {Fly Int+5}
rPois   .          Reflect  .    (helmet unavailable)
rElec   .          Harm     .    x - +0 cloak
rCorr   +          Rampage  .    h - +1 pair of gloves
Will    +....                    (no boots)
Stlth   ++                       (no amulet)
HPRegen 0.29/turn                k - ring of resist corrosion
MPRegen 0.12/turn                r - ring of willpower

@: flying, heavily drained
A: permanent stasis, dig shafts and tunnels, antennae 3, four strong arms
a: Dig, Shaft Self, Renounce Religion


You were on level 6 of the Dungeon.
You worshipped Okawaru.
Okawaru was noncommittal.
You visited 2 branches of the dungeon, and saw 8 of its levels.

You collected 355 gold pieces.
You spent 78 gold pieces at shops.

Inventory:

Hand Weapons
 l - a +1 trident of venom (weapon)
Missiles
 i - 3 poisoned darts
 w - 4 stones (quivered)
Armour
 e - a +2 buckler (worn)
 h - a +1 pair of gloves (worn)
 s - the +1 scale mail of the Snail (worn) {Fly Int+5}
   (You found it on level 2 of the Dungeon)

   Int:       It affects your intelligence (+5).
   Fly:       It grants you flight.
 x - a +0 cloak (worn)
Jewellery
 k - a ring of resist corrosion (left hand)
 r - a ring of willpower (right hand)
Wands
 a - a wand of digging (14)
 b - a wand of polymorph (4)
Scrolls
 c - a scroll of vulnerability
 f - a scroll of amnesia
 j - a scroll of fear
Potions
 d - 3 potions of flight {unknown}
 g - a potion of haste {unknown}
 m - a potion of magic
 o - a potion of degeneration {unknown}
 q - 2 potions of cancellation
 t - 2 potions of brilliance {unknown}
 u - a potion of heal wounds {unknown}
 v - a potion of resistance
 z - a potion of might {unknown}


   Skills:
 + Level 6.4 Fighting
 * Level 8.1 Polearms
 + Level 1.6 Throwing
 - Level 5.0 Armour
 - Level 1.0 Dodging
 + Level 5.7 Stealth
 - Level 4.0 Shields
 - Level 1.1 Spellcasting
 - Level 1.7 Conjurations
 - Level 1.1 Evocations


You had 9 spell levels left.
You knew the following spells:

 Your Spells              Type           Power      Damage    Failure   Level
a - Shock                 Conj/Air       12%        1d3       43%         1

Your spell library contained the following spells:

 Spells                   Type           Power      Damage    Failure   Level
 Magic Dart               Conj           24%        1d4       32%         1
 Dazzling Flash           Conj/Hex       6%         N/A       82%         3
 Mephitic Cloud           Conj/Pois/Air  2%         N/A       85%         3
 Ozocubu's Armour         Ice            0%         N/A       90%         3
 Airstrike                Air            0%         2d(0-16)  100%        4
 Lightning Bolt           Conj/Air       1%         1d12      100%        5
 Ozocubu's Refrigeration  Ice            0%         4d7       100%        7
 Call Imp                 Summ           Unusable   N/A       N/A         2
 Summon Lightning Spire   Summ/Air       Unusable   N/A       N/A         4

Dungeon Overview and Level Annotations

Branches:
Dungeon (7/15)             Temple (1/1) D:5

Altars:
Ashenzari
Cheibriados
Dithmenos
Elyvilon
Fedhas
Gozag
Kikubaaqudgha
Makhleb
Nemelex Xobeh
Okawaru
Qazlal
Ru
Sif Muna
Trog
Uskayaw
Vehumet
Wu Jian
Xom
Yredelemnul
Zin
The Shining One

Shops:
D:2 *


Innate Abilities, Weirdness & Mutations

You cannot be hasted, slowed, berserked, paralysed or teleported.
You can dig through walls and to a lower floor.
You have a pair of large antennae on your head. (SInv)
Your four strong arms can wield two-handed weapons with a shield.


Message History

The wight hits you with a +3 battleaxe!
* * * LOW HITPOINT WARNING * * *
You feel drained.
* * * LOW HITPOINT WARNING * * *
You hit the wight.
The wight is heavily damaged.
The wight barely misses you.
You feel better. The wight hits you with a +3 battleaxe!
* * * LOW HITPOINT WARNING * * *
You barely miss the wight.
The wight is heavily damaged.
You block the wight's attack.
Okay, then.
Aiming: Polymorph
Press: ? - help, Shift-Dir - straight line, f - wight
Aim: a wight, wielding a +3 battleaxe and wearing a +0 robe (heavily damaged, not susceptible)
Okay, then.
You feel better. The wight hits you with a +3 battleaxe.
* * * LOW HITPOINT WARNING * * *
You feel drained.
You feel better. The wight hits you with a +3 battleaxe!
* * * LOW HITPOINT WARNING * * *
You feel drained.
* * * LOW HITPOINT WARNING * * *
You feel better. The wight hits you with a +3 battleaxe.
* * * LOW HITPOINT WARNING * * *
You feel better. The wight completely misses you.
You barely miss the wight.
The wight is heavily damaged.
The wight hits you with a +3 battleaxe.
* * * LOW HITPOINT WARNING * * *
You feel drained.
* * * LOW HITPOINT WARNING * * *
You hit the wight.
The wight is almost destroyed.
The wight hits you but does no damage.
You hit the wight but do no damage.
The wight is almost destroyed.
The wight hits you with a +3 battleaxe!
You die...

...)..........#.........#
.##8.#.#.#.#..####...####
######_#⌠#_#.## ##.## #
######### #.# # ##...##
##.##### # ##.....##
#......# # ##.......##
##..###.#
####.........####...###.#
.............'.z@.....#.#
###..........####...#.#.#
# #.#.......## ##......#
# #.##.....## ####.### #
#.###...## #.# # #.#
##'## #.# #.# #.# #.#
###.####.# #.#
....).##.## #.#


You could see a wight.

Vanquished Creatures
  A water moccasin (D:6)
  An orc warrior (D:6)
  3 black bears
  3 ogres
  A centaur (D:5)
  A bullfrog (D:6)
  2 scorpions (D:5)
  3 necrophages
  6 wights
  2 orc priests
  2 hounds
  3 jellies
  5 orc wizards
  5 iguanas
  6 gnolls
  12 adders
  A white imp (D:6)
  2 ufetubi
  3 dart slugs
  17 orcs
  3 ball pythons
  6 endoplasms
  3 giant cockroaches (D:1)
  3 goblins
  11 hobgoblins
  2 jackals (D:1)
  3 quokkas
  4 bats
  4 frilled lizards
  5 kobolds
  5 rats
128 creatures vanquished.

Notes
Turn   | Place    | Note
-------+----------+-------------------------------------------
     0 | D:1      | oldriver the Formicid Wanderer began the quest for the Orb.
     0 | D:1      | oldriver set off with the following items: a +0 club, a
                  | wand of polymorph (5), a scroll of vulnerability, a +0
                  | leather armour, a +2 buckler; and the following spell
                  | memorised: Shock; and the following spells available to
                  | memorise: Dazzling Flash.
     0 | D:1      | Reached XP level 1. HP: 15/15 MP: 2/2
   238 | D:1      | Reached XP level 2. HP: 21/21 MP: 3/3
   386 | D:1      | Reached skill level 1 in Polearms
   452 | D:1      | Reached XP level 3. HP: 27/27 MP: 4/4
  1026 | D:2      | Reached skill level 2 in Polearms
  1026 | D:2      | Reached XP level 4. HP: 22/34 MP: 5/5
  1256 | D:2      | Found Uffon's Assorted Antiques.
  1259 | D:2      | Bought a purple potion for 18 gold pieces
  1259 | D:2      | Bought a viscous pink potion for 18 gold pieces
  1259 | D:2      | Bought a scroll labelled ZUATEM KIPUC for 21 gold pieces
  1259 | D:2      | Bought a scroll labelled UGUEPPIZ ROPY for 21 gold pieces
  1292 | D:2      | Identified the +1 scale mail of the Snail {Fly Int+5}
  1510 | D:2      | Found a faded altar of an unknown god.
  1921 | D:2      | Reached XP level 5. HP: 37/39 MP: 6/6
  2410 | D:3      | Reached skill level 3 in Polearms
  2853 | D:4      | Noticed an ogre
  2939 | D:4      | Reached XP level 6. HP: 40/47 MP: 7/7
  3051 | D:4      | Noticed Edmund
  3051 | D:4      | Noticed a black bear
  3078 | D:4      | Edmund changed into Edmund the quokka
  3078 | D:4      | Noticed Edmund
  3083 | D:4      | Killed Edmund the quokka
  3089 | D:4      | Killed a black bear
  3272 | D:4      | Found a shimmering altar of Xom.
  3307 | D:4      | Reached skill level 4 in Polearms
  3436 | D:3      | Reached XP level 7. HP: 51/52 MP: 8/8
  4031 | D:5      | Entered Level 5 of the Dungeon
  4240 | D:5      | Reached skill level 5 in Polearms
  4240 | D:5      | Reached skill level 5 in Stealth
  4245 | D:5      | Reached XP level 8. HP: 61/61 MP: 9/9
  4828 | D:5      | Found a staircase to the Ecumenical Temple.
  4872 | Temple   | Entered the Ecumenical Temple
  4872 | Temple   | Found a transporter.
  4872 | Temple   | Found a transporter.
  4874 | Temple   | Found a transporter.
  4874 | Temple   | Found a transporter.
  4927 | D:5      | Reached skill level 6 in Polearms
  4943 | D:5      | Reached skill level 5 in Fighting
  5663 | D:6      | Reached XP level 9. HP: 68/68 MP: 10/10
  5791 | D:6      | Reached skill level 7 in Polearms
  5908 | D:6      | Found a white marble altar of Elyvilon.
  5914 | D:6      | Found a sacrificial altar of Ru.
  5915 | D:6      | Found a basalt altar of Yredelemnul.
  5927 | D:6      | Found a glowing golden altar of the Shining One.
  5930 | D:6      | Found an iron altar of Okawaru.
  5963 | D:6      | Reached skill level 5 in Armour
  6771 | D:6      | Became a worshipper of Warmaster Okawaru
  7081 | D:7      | Reached skill level 1 in Throwing
  7092 | D:6      | Reached skill level 1 in Dodging
  7236 | D:7      | Reached skill level 8 in Polearms
  7451 | D:6      | HP: 2/56 [wight/+3 battleaxe (5)]
  7456 | D:6      | Slain by a wight

Illustrated notes

Levels and vault maps discovered:
D:1:      erik_arrival_triangle_small, layout_rooms
D:2:      layout_loops_ring, shapermc_ecumenical_altar_flowoftime, serial_shops,
          shop
D:3:      layout_loops_ring
D:4:      layout_basic, mainiacjoe_overflow_paths, minivault_24, hex_large,
          uniq_edmund
D:5:      layout_loops_corners, temple_statues
D:6:      layout_loops_corners, minitemple
D:7:      layout_gridville, kennysheep_mini_moat, serial_undead,
          serial_undead_e, serial_undead_a, serial_undead_d, serial_undead_a,
          serial_undead_e, serial_undead_a
Temple:   hellmonk_temple_divided_pantheon

Skill      XL: |  1  2  3  4  5  6  7  8  9 |
---------------+----------------------------+-----
Stealth        | 2 3 4 5 |  5.7
Polearms       | 1 2 3 4 5 6 8 |  8.1
Fighting       | 2 3 4 5 6 |  6.4
Armour         | 2 3 4 5 |  5.0
Throwing       | 1 |  1.6
Dodging        | 1 |  1.0
Shields        | |  4.0
Spellcasting   | |  1.1
Conjurations   | |  1.7
Evocations     | |  1.1

Action                   |  1- 3 |  4- 6 |  7- 9 || total
-------------------------+-------+-------+-------++-------
Melee: Club              |    25 |       |       ||    25
       Spear             |   131 |   121 |       ||   252
       Trident           |       |    39 |   262 ||   301
Throw: Stone             |    11 |    13 |     5 ||    29
       Dart              |       |     6 |     6 ||    12
       Boomerang         |       |       |    11 ||    11
Evoke: Wand              |       |     3 |       ||     3
  Use: Scroll            |       |     9 |     2 ||    11
       Potion            |       |     1 |     7 ||     8
 Stab: Sleeping          |     1 |     3 |     4 ||     8
Armor: Leather armour    |    39 |     1 |       ||    40
       Scale mail        |       |    47 |    64 ||   111
       Skin              |       |     7 |    12 ||    19
Dodge: Dodged            |    49 |    45 |    82 ||   176
Block: Buckler           |    49 |    35 |    56 ||   140

Table legend: (Time is in decaauts)
 A = Elapsed time spent in this place.
 B = Non-inter-level travel time spent in this place.
 C = Inter-level travel time spent in this place.
 D = Time resting spent in this place.
 E = Time spent auto-exploring this place.
 F = Levels seen in this place.
 G = Mean time per level.
                   A        B        C        D        E       F      G
               +--------+--------+--------+--------+--------+-----+--------+
         Total |   7491 |   6826 |    665 |   1338 |   3778 |   8 |  936.4 |
       Dungeon |   7452 |   6787 |    665 |   1338 |   3772 |   7 | 1064.6 |
        Temple |     39 |     39 |      0 |      0 |      6 |   1 |   39.0 |
               +--------+--------+--------+--------+--------+-----+--------+

Top non-repeatable levels by time:
     D:6: 1807 daAuts
     D:5: 1449 daAuts
     D:2: 1122 daAuts
     D:4: 1089 daAuts
     D:3: 1044 daAuts
     D:1: 821 daAuts
     D:7: 117 daAuts
  Temple: 39 daAuts
